[Event "Team 45 45 League T76"]
[Site "Internet Chess Club"]
[Date "2018.03.24"]
[Round "1"]
[White "Portola"]
[Black "justice02"]
[Result "0-1"]
[WhiteElo "1707"]
[BlackElo "1690"]
[Opening "Queen's pawn game"]
[ECO "D00"]
[Time "12:00:57"]
[TimeControl "2700+45"]

1. d4 d5 2. c3 Nf6 3. Nf3 Nbd7 4. Bg5 h6 5. Bh4 g5 6. Bg3 Nh5 7. e3 Nxg3 8. hxg3
Bg7 9. Nbd2 c6 10. Bd3 Qc7 11. Qc2 Nf6 12. e4 dxe4 13. Nxe4 Nxe4 14. Bxe4 Be6
15. a4 a5 16. Rd1 O-O-O 17. O-O Kb8 18. Rb1 Bd5 19. Bxd5 Rxd5 20. b4 e6 21. bxa5
Qxa5 22. Qb3 Rd7 23. Rfe1 Rhd8 24. Ne5 Bxe5 25. Rxe5 Qc7 26. a5 Rd5 27. a6 b5
28. Rxd5 exd5 29. Qb4 Qd6 30. a7+ Kxa7 31. Qa5+ Kb7 32. Ra1 Qb8 33. Qb4 Qc7 34.
Qc5 Ra8 35. Re1 Rd8 36. Re7 Rd7 37. Re8 Qd6 38. Qxd6 Rxd6 39. Re7+ Kb6 40. Rxf7
c5 41. Rf3 cxd4 42. cxd4 b4 43. Kf1 Kb5 44. Rd3 Kc4 45. Rd1 Re6 46. f4 gxf4 47.
gxf4 Re4 48. g3 Rxd4 49. Rc1+ Kb5 50. f5 Re4 51. Kf2 Re7 52. g4 b3 53. Kf3 Kb4
54. Rc6 Rb7 55. Rxh6 b2 56. Rh1 Kc3 57. f6 b1=Q 58. Rxb1 Rxb1 59. g5 d4 60. Kf2
d3 61. f7 d2 62. f8=Q d1=Q 63. Qc5+ Kb2 64. Qb4+ Kc1 65. Qc3+ Qc2+ 66. Qxc2+
Kxc2 67. Kg3 Rb4 68. g6 Kd3 69. Kf3 Rb6 70. g7 Rg6 {White resigns} 0-1

[Event "Team 45 45 League T76"]
[Site "Internet Chess Club"]
[Date "2018.03.23"]
[Round "1"]
[White "Grenadier"]
[Black "idjit"]
[Result "0-1"]
[WhiteElo "1614"]
[BlackElo "1593"]
[Opening "French: advance, Milner-Barry gambit"]
[ECO "C02"]
[Time "20:03:29"]
[TimeControl "2700+45"]

1. e4 e6 2. d4 d5 3. e5 c5 4. c3 Nc6 5. Nf3 Qb6 6. Bd3 Bd7 7. dxc5 Bxc5 8. Qe2
f6 9. b4 Be7 10. Bf4 Nh6 11. a4 Nf7 12. O-O Nfxe5 13. Nxe5 fxe5 14. Bxe5 Nxe5
15. Qxe5 Bf6 16. Qh5+ g6 17. Qf3 O-O 18. Qe2 Rac8 19. Ra3 e5 20. Bb5 Bf5 21. Bd3
e4 22. Bc2 a5 23. b5 Rc5 24. Bb3 Qd6 25. Rd1 Rfc8 26. Qd2 Kg7 27. Bxd5 Rd8 28.
c4 Be6 29. g3 Bxd5 30. Qe3 Rxc4 31. Ra2 b6 32. Rad2 Rc5 33. Na3 Rc3 34. Rxd5
Qxd5 35. Rxd5 Rxe3 36. Rxd8 Re1+ 37. Kg2 Bxd8 38. Nc4 Kf6 39. h4 Ke6 40. f3 Kd5
41. Kf2 Kxc4 42. Kxe1 exf3 {White resigns} 0-1

[Event "Team 45 45 League T76"]
[Site "Internet Chess Club"]
[Date "2018.03.23"]
[Round "1"]
[White "filmdirector"]
[Black "PatrickFish"]
[Result "1-0"]
[WhiteElo "1682"]
[BlackElo "1545"]
[Opening "Sicilian defense"]
[ECO "B34"]
[Time "21:01:06"]
[TimeControl "2700+45"]

1. e4 c5 2. Nf3 Nc6 3. d4 cxd4 4. Nxd4 g6 5. Be3 Bg7 6. Nc3 Nf6 7. Qd2 Ng4 8.
Nxc6 bxc6 9. Bg5 h6 10. Bh4 O-O 11. Bc4 Ne5 12. Bb3 g5 13. Bg3 d6 14. O-O Ba6
15. Rfe1 Nc4 16. Qe2 d5 17. exd5 cxd5 18. Qxe7 Qxe7 19. Rxe7 Nxb2 20. Nxd5 Nc4
21. Rae1 Rac8 22. Rxa7 Bb5 23. Ne7+ Kh8 24. Nxc8 Rxc8 25. Rxf7 Na5 26. Bd5 Rxc2
27. Rxg7 Kxg7 28. Be5+ Kf8 29. Bd6+ Kg7 30. Re7+ Kf6 31. Re6+ Kg7 32. Be5+ Kf8
33. Rf6+ Ke8 34. h3 Rc5 35. Re6+ Kd7 36. Rd6+ Ke7 37. Bg3 h5 38. Re6+ Kd7 39.
Rd6+ Ke7 40. Bg8 h4 41. Re6+ Kd7 42. Be5 Bc4 43. Rd6+ Ke7 44. Rd4 Rxe5 45. Bxc4
Nxc4 46. Rxc4 Ra5 47. a4 Kd6 48. f4 Kd5 49. Rb4 Ke6 50. fxg5 Rxg5 51. Rxh4
{Black resigns} 1-0

[Event "Team 45 45 League T76"]
[Site "Internet Chess Club"]
[Date "2018.03.23"]
[Round "1"]
[White "kwen2008"]
[Black "julesraider"]
[Result "1-0"]
[WhiteElo "1522"]
[BlackElo "1468"]
[Opening "Caro-Kann: exchange variation"]
[ECO "B13"]
[Time "19:00:59"]
[TimeControl "2700+45"]

1. e4 c6 2. d4 d5 3. exd5 cxd5 4. Nf3 Bg4 5. Be2 Nc6 6. O-O e6 7. Bf4 Qb6 8. Nc3
Bxf3 9. Bxf3 Nxd4 10. Bxd5 Nf5 11. Bb3 Nge7 12. a4 Rd8 13. Qe1 a6 14. a5 Qc5 15.
Ne4 Qc8 16. Rd1 Nc6 17. Rxd8+ Qxd8 18. Ba4 Be7 19. Qc3 Qc8 20. Nc5 O-O 21. Rd1
Bf6 22. Qe1 Bxb2 23. Rb1 Bd4 24. Nxb7 e5 25. Bd2 Nce7 26. c3 Ba7 27. Qxe5 Bb8
28. Qe2 Qc7 29. g3 Nd6 30. Nxd6 Qxd6 31. Bf4 Qa3 32. Bxb8 Qxa4 33. Qxe7 Re8 34.
Qb4 Qc2 35. Bd6 h6 36. Bf4 Kh7 37. Rc1 Qd3 38. Qb1 Qxb1 39. Rxb1 g5 40. Be3 Re5
41. Bb6 Rd5 42. Rc1 Rd6 43. c4 Rc6 44. c5 Kg6 45. Rd1 Re6 46. Rd6 Kf6 47. Rxe6+
Kxe6 48. c6 Kd6 49. c7 Kd7 50. Kg2 f5 51. Kf3 h5 52. h4 gxh4 53. gxh4 {Black
resigns} 1-0

[Event "Team 45 45 League T76"]
[Site "Internet Chess Club"]
[Date "2018.03.25"]
[Round "1"]
[White "pokerram"]
[Black "skywise"]
[Result "1-0"]
[WhiteElo "1555"]
[BlackElo "1573"]
[Opening "English opening"]
[ECO "A05"]
[Time "19:00:37"]
[TimeControl "2700+45"]

1. Nf3 Nf6 2. c4 g6 3. Nc3 d5 4. cxd5 Nxd5 5. Qb3 Nb6 6. d4 Bg7 7. e3 O-O 8. a4
a5 9. Bd2 Nc6 10. Rc1 Be6 11. Qd1 Nb4 12. Ng5 Bc4 13. Be2 e5 14. Nge4 exd4 15.
exd4 Qxd4 16. Be3 Qxd1+ 17. Nxd1 Bxe2 18. Kxe2 N6d5 19. Ndc3 Nxe3 20. fxe3 c6
21. Nc5 Ra7 22. Rhd1 Re8 23. Rd7 Bh6 24. Rf1 Rxe3+ 25. Kd1 f5 26. Re1 Nc2 27.
Rxe3 Nxe3+ 28. Ke2 Nxg2 29. Rd8+ Kg7 30. Rd7+ Kf6 31. Rxb7 Rxb7 32. Nxb7 Kg5 33.
Nxa5 c5 34. Nc6 Nf4+ 35. Kf3 Bg7 36. a5 Bxc3 37. bxc3 Nd5 38. c4 Nc7 39. Nb8 f4
40. a6 Kf5 41. a7 g5 42. Nd7 g4+ 43. Kf2 f3 44. Nxc5 Ke5 45. Nd7+ Kd6 46. Nf6
Kc5 47. Nxh7 Kxc4 48. Nf6 Kb5 49. Nxg4 Ka6 50. a8=Q+ Nxa8 51. h4 Nc7 52. h5 Ne8
53. h6 Nd6 54. Ne5 Kb5 55. h7 Ne4+ 56. Kf1 Ng3+ 57. Ke1 f2+ 58. Kxf2 Ne4+ 59.
Kg2 Kc5 60. h8=Q Kd5 61. Nf3 Nc5 62. Qd4+ Kc6 63. Ne5+ Kb5 64. Qc4+ Kb6 65. Qb4+
Ka6 66. Qxc5 Kb7 67. Qc6+ Ka7 68. Kf3 Kb8 69. Nd7+ Ka7 70. Qb6+ Ka8 71. Qb8#
{Black checkmated} 1-0

[Event "Team 45 45 League T76"]
[Site "Internet Chess Club"]
[Date "2018.03.21"]
[Round "1"]
[White "dinosaurchess"]
[Black "Megasus"]
[Result "1-0"]
[WhiteElo "1340"]
[BlackElo "1521"]
[Opening "Sicilian: Taimanov variation"]
[ECO "B46"]
[Time "22:00:49"]
[TimeControl "2700+45"]

1. e4 c5 2. Nf3 Nc6 3. d4 cxd4 4. Nxd4 a6 5. Nc3 e6 6. Be2 Qc7 7. O-O h5 8. Be3
Nf6 9. h3 Bd6 10. Kh1 Bf4 11. Qd2 g5 12. Bxf4 gxf4 13. Bf3 Ne7 14. Rfe1 Qe5 15.
Nde2 Ng6 16. Qd4 Qg5 17. e5 Ng4 18. Bxg4 hxg4 19. Ne4 Nxe5 20. Nxg5 {Black
resigns} 1-0

[Event "Team 45 45 League T76"]
[Site "Internet Chess Club"]
[Date "2018.03.23"]
[Round "1"]
[White "misuc56"]
[Black "zap2"]
[Result "0-1"]
[WhiteElo "1462"]
[BlackElo "1691"]
[Opening "Old Indian defense"]
[ECO "A42"]
[Time "12:00:57"]
[TimeControl "2700+45"]

1. d4 d6 2. c4 e5 3. e3 Nd7 4. Nc3 Ngf6 5. Nf3 g6 6. Be2 Bg7 7. O-O O-O 8. h3
Re8 9. Bd2 c6 10. b4 Qe7 11. a3 Nf8 12. b5 e4 13. Nh2 h5 14. f4 exf3 15. Bxf3
Qc7 16. Qa4 Bd7 17. Rab1 Ne6 18. Rfc1 Ng5 19. bxc6 Nxf3+ 20. Nxf3 bxc6 21. Qd1
Bh6 22. Qe1 Ne4 23. Nxe4 Rxe4 24. Kh1 Rae8 25. Rb3 Bf5 26. Qf2 Qe7 27. Re1 Be6
28. Rc3 Rb8 29. Rc2 Rb3 30. c5 dxc5 31. Rxc5 Bd5 32. Ne5 Rxe5 33. dxe5 Qxc5 34.
Bb4 Qc4 35. Qf6 Rxb4 36. axb4 Qxb4 37. Ra1 Bxg2+ 38. Kh2 Bd5 39. e6 Qd6+ 40. Kg1
Bxe3+ 41. Kf1 Bc4+ 42. Ke1 Qd2# {White checkmated} 0-1

[Event "Team 45 45 League T76"]
[Site "Internet Chess Club"]
[Date "2018.03.25"]
[Round "1"]
[White "mambo99"]
[Black "Constrictor"]
[Result "1/2-1/2"]
[WhiteElo "1496"]
[BlackElo "1571"]
[Opening "Ruy Lopez: Cozio defense"]
[ECO "C60"]
[Time "14:35:09"]
[TimeControl "2700+45"]

1. e4 e5 2. Nf3 Nc6 3. Bb5 Nge7 4. O-O d6 5. d4 exd4 6. Nxd4 Bd7 7. Nf3 g6 8. c3
Bg7 9. Re1 O-O 10. Bf4 Ne5 11. Bxd7 Nxd7 12. Nbd2 Nc6 13. Nf1 Re8 14. Qc2 Nde5
15. N1d2 Nxf3+ 16. Nxf3 Ne5 17. Rad1 Nxf3+ 18. gxf3 Be5 19. Bxe5 Rxe5 20. f4 Rh5
21. f3 Qh4 22. Qd2 Qe7 23. Kh1 Re8 24. Rg1 f5 25. Qd5+ Kh8 26. Qd4+ Kg8 27. Qd5+
Kh8 {Game drawn by mutual agreement} 1/2-1/2

[Event "Team 45 45 League T76"]
[Site "Internet Chess Club"]
[Date "2018.03.25"]
[Round "1"]
[White "Gilguli"]
[Black "mongmong"]
[Result "1-0"]
[WhiteElo "1393"]
[BlackElo "1476"]
[Opening "French defense"]
[ECO "C00"]
[Time "15:09:11"]
[TimeControl "2700+45"]

1. e4 e6 2. Nf3 d5 3. exd5 exd5 4. d4 Nc6 5. Bb5 Bd7 6. O-O Bd6 7. Re1+ Nge7 8.
Nc3 O-O 9. Bg5 f6 10. Bh4 Nb4 11. Bxd7 Qxd7 12. a3 Na6 13. Qd3 c6 14. Re2 Rfe8
15. Rae1 Ng6 16. Nd1 Rxe2 17. Qxe2 Kf7 18. c4 Re8 19. Ne3 Bf4 20. cxd5 cxd5 21.
Qd3 Bxe3 22. fxe3 Nb8 23. Bg3 Nc6 24. b4 a6 25. Nh4 Nxh4 26. Bxh4 g6 27. Rf1 f5
28. g4 Re4 29. Bg5 Rxg4+ 30. Kh1 Rxg5 31. Qe2 Rg4 32. Qxg4 Kg7 33. Qf4 Qe7 34.
Rf3 Qe4 35. Qxe4 dxe4 36. Rf2 Ne7 37. Kg2 Nd5 38. Re2 Kf6 39. Kf2 g5 40. Rc2 f4
41. exf4 gxf4 42. Rc5 Ke6 43. h3 h5 44. Rc8 Kf5 45. Re8 Nc3 46. Rf8+ Kg5 47. Rc8
Nd1+ 48. Ke1 Ne3 49. d5 Kh4 50. d6 Ng2+ 51. Kf2 e3+ 52. Kxg2 {Black resigns} 1-0

[Event "Team 45 45 League T76"]
[Site "Internet Chess Club"]
[Date "2018.03.24"]
[Round "1"]
[White "PolishRyszard"]
[Black "krysto"]
[Result "1-0"]
[WhiteElo "1770"]
[BlackElo "1550"]
[Opening "Catalan: closed, 5.Nf3"]
[ECO "E06"]
[Time "15:05:17"]
[TimeControl "2700+45"]

1. d4 e6 2. Nf3 Nf6 3. g3 d5 4. Bg2 Be7 5. c4 c6 6. O-O O-O 7. Nc3 Nbd7 8. b3 a5
9. Qc2 Bb4 10. a3 Bxc3 11. Qxc3 Ne4 12. Qc2 Ndf6 13. Bb2 b6 14. Ne5 Bb7 15. f3
Nd6 16. c5 Nf5 17. Qd2 Nd7 18. Nxd7 Qxd7 19. e4 Ne7 20. cxb6 Nc8 21. Bc3 a4 22.
Bb4 Rd8 23. Bc5 Ba6 24. Rfb1 Bb5 25. bxa4 Rxa4 26. Rb4 Qb7 27. Rxa4 Bxa4 28. Qb4
Bb5 29. a4 Bc4 30. a5 f6 31. a6 Bxa6 32. Rxa6 Qxa6 33. b7 Nb6 34. Qxb6 Qxb6 35.
Bxb6 Rb8 36. Bh3 Kf7 37. exd5 Rxb7 38. dxe6+ Ke8 39. Bc5 g6 40. f4 f5 41. g4 Rb3
42. gxf5 Rxh3 43. f6 {Black resigns} 1-0

[Event "Team 45 45 League T76"]
[Site "Internet Chess Club"]
[Date "2018.03.25"]
[Round "1"]
[White "ryanfu2008"]
[Black "cadmiumorange"]
[Result "0-1"]
[WhiteElo "1378"]
[BlackElo "1839"]
[Opening "Robatsch (modern) defense"]
[ECO "B06"]
[Time "12:00:23"]
[TimeControl "2700+45"]

1. e4 g6 2. d4 Bg7 3. Nf3 d6 4. h3 c6 5. Bc4 Nf6 6. Nc3 O-O 7. O-O b5 8. Bb3 b4
9. e5 bxc3 10. exf6 cxb2 11. Bxb2 Bxf6 12. Re1 Nd7 13. Rb1 a5 14. a4 Ba6 15. Qd2
Nb6 16. Qxa5 Bb5 17. Qc3 Nxa4 18. Qd2 Nxb2 19. Rxb2 Qd7 20. Rbb1 Qf5 21. Kh1 Ba4
22. Bxa4 Rxa4 23. c3 Rfa8 24. Rb2 Ra1 25. Rxa1 Rxa1+ 26. Kh2 g5 27. Qe3 g4 28.
Nd2 Bg5 29. Qg3 Bf4 {White resigns} 0-1

[Event "Team 45 45 League T76"]
[Site "Internet Chess Club"]
[Date "2018.03.24"]
[Round "1"]
[White "zethhon"]
[Black "Pawnchain"]
[Result "1-0"]
[WhiteElo "1344"]
[BlackElo "1330"]
[Opening "Dutch"]
[ECO "A80"]
[Time "08:30:55"]
[TimeControl "2700+45"]

1. d4 f5 2. Nf3 Nf6 3. Bf4 e6 4. e3 d6 5. c4 Be7 6. Be2 O-O 7. O-O a5 8. Nc3 Qe8
9. Qb3 Kh8 10. Nb5 Bd8 11. Rac1 Nbd7 12. Ng5 Nb6 13. c5 a4 {Black resigns} 1-0

[Event "Team 45 45 League T76"]
[Site "Internet Chess Club"]
[Date "2018.03.25"]
[Round "1"]
[White "Arthurhon"]
[Black "herrahuu"]
[Result "0-1"]
[WhiteElo "1435"]
[BlackElo "1454"]
[Opening "King's Indian, 3.Nf3"]
[ECO "E60"]
[Time "05:00:25"]
[TimeControl "2700+45"]

1. d4 Nf6 2. Nf3 g6 3. c4 d6 4. e3 c5 5. b3 cxd4 6. Nxd4 Bg7 7. Bb2 O-O 8. Be2
Bd7 9. O-O Nc6 10. Nxc6 Bxc6 11. Nc3 a6 12. Qc2 Rc8 13. Rad1 Qc7 14. Bd3 Rfd8
15. Rd2 d5 16. Rfd1 Ng4 17. g3 d4 18. exd4 Bxd4 19. Be2 Bxf2+ 20. Kf1 Ne3+ 21.
Kxf2 Nxc2 22. Rxc2 f6 23. Ke1 Kf7 24. Rcd2 Qb6 25. Nd5 Bxd5 26. Rxd5 Rxd5 27.
Rxd5 Rd8 28. Bf3 Rxd5 29. Bxd5+ e6 30. Be4 Qe3+ 31. Kd1 Qxe4 32. Kd2 Qg2+ 33.
Kc3 Qxh2 34. Ba3 Qxg3+ 35. Kd2 Qf2+ 36. Kc1 Qxa2 37. Bb2 Qxb3 38. Kb1 Qxc4 39.
Ka1 e5 40. Kb1 e4 41. Ka1 e3 42. Kb1 e2 43. Ba3 e1=Q+ 44. Kb2 Qec1# {White
checkmated} 0-1

[Event "Team 45 45 League T76"]
[Site "Internet Chess Club"]
[Date "2018.03.21"]
[Round "1"]
[White "MovingDutchman"]
[Black "searchforbobby1"]
[Result "1/2-1/2"]
[WhiteElo "2064"]
[BlackElo "2015"]
[Opening "Grünfeld: Stockholm variation"]
[ECO "D80"]
[Time "16:06:53"]
[TimeControl "2700+45"]

1. d4 Nf6 2. c4 g6 3. Nc3 d5 4. Bg5 Ne4 5. Bf4 Nxc3 6. bxc3 Bg7 7. cxd5 Qxd5 8.
Nf3 O-O 9. e3 c5 10. Be2 cxd4 11. cxd4 Qa5+ 12. Qd2 Nc6 13. Qxa5 Nxa5 14. O-O
Be6 15. Rfc1 Rfc8 16. Nd2 Rxc1+ 17. Rxc1 Bxa2 18. Rc7 Kf8 19. Bf3 Rd8 20. Ne4
Bd5 21. g4 Bc6 22. Kg2 Ke8 23. h4 Rd7 24. Rc8+ Rd8 25. Rc7 Rd7 26. Rc8+ {Game
drawn by mutual agreement} 1/2-1/2

[Event "Team 45 45 League T76"]
[Site "Internet Chess Club"]
[Date "2018.03.24"]
[Round "1"]
[White "SlimeDog2"]
[Black "texasnurse"]
[Result "0-1"]
[WhiteElo "2002"]
[BlackElo "2094"]
[Opening "King's Indian: orthodox, 7...Nbd7"]
[ECO "E94"]
[Time "22:01:56"]
[TimeControl "2700+45"]

1. d4 Nf6 2. c4 g6 3. Nc3 Bg7 4. e4 d6 5. Be2 O-O 6. Nf3 Nbd7 7. O-O e5 8. Be3
exd4 9. Nxd4 Nc5 10. f3 a5 11. Qd2 b6 12. b3 Re8 13. a3 Nfd7 14. Rab1 Bb7 15.
Rfe1 Be5 16. b4 Ne6 17. f4 Bxd4 18. Bxd4 g5 19. fxg5 Nxd4 20. Qxd4 Qxg5 21. Rf1
axb4 22. axb4 Qg7 23. Qd2 Nf6 24. Rb3 Bxe4 25. Nxe4 Nxe4 26. Qf4 Qd4+ 27. Kh1
Nf2+ 28. Rxf2 Ra1+ 29. Bf1 Rxf1+ {White resigns} 0-1

[Event "Team 45 45 League T76"]
[Site "Internet Chess Club"]
[Date "2018.03.23"]
[Round "1"]
[White "cool64chess"]
[Black "ChessHouston"]
[Result "1-0"]
[WhiteElo "2037"]
[BlackElo "1740"]
[Opening "King's Indian: Sämisch, 5...O-O"]
[ECO "E81"]
[Time "14:05:15"]
[TimeControl "2700+45"]

1. d4 Nf6 2. c4 g6 3. Nc3 Bg7 4. e4 d6 5. f3 O-O 6. Be3 Na6 7. Qd2 c5 8. Nge2
Be6 9. d5 Bd7 10. g4 e6 11. Ng3 exd5 12. cxd5 Qa5 13. h4 Nc7 14. h5 Rfe8 15.
hxg6 fxg6 16. g5 Nfxd5 17. exd5 Rxe3+ 18. Qxe3 Bd4 19. Qd2 Rf8 20. Be2 b5 21.
Nce4 Qxd2+ 22. Kxd2 Nxd5 23. Nxd6 Be3+ 24. Ke1 Bxg5 25. Nxb5 Ne3 26. Ne4 Bf4 27.
Rc1 Ng2+ 28. Kf2 Bxc1 29. Rxc1 Nf4 30. Rxc5 Rb8 31. Nf6+ {Black resigns} 1-0

[Event "Team 45 45 League T76"]
[Site "Internet Chess Club"]
[Date "2018.03.21"]
[Round "1"]
[White "cysk"]
[Black "President"]
[Result "1-0"]
[WhiteElo "1745"]
[BlackElo "1632"]
[Opening "Philidor: Nimzovich, Rellstab variation"]
[ECO "C41"]
[Time "15:00:19"]
[TimeControl "2700+45"]

1. e4 e5 2. Nf3 d6 3. d4 Nf6 4. dxe5 Nxe4 5. Qd5 Nc5 6. Bg5 Qd7 7. exd6 Bxd6 8.
Nc3 Qe6+ 9. Qxe6+ Nxe6 10. Be3 a6 11. Bc4 O-O 12. O-O Bc5 13. Bxe6 Bxe3 14. Bxc8
Bxf2+ 15. Rxf2 Rxc8 16. Nd5 Nc6 17. Re1 f6 18. Ne7+ Nxe7 19. Rxe7 b5 20. Rd2 Rd8
21. Rxc7 Rxd2 22. Nxd2 Rd8 23. Nf1 Rd6 24. Kf2 b4 25. Ke2 a5 26. Ra7 Rd5 27. Ne3
Rh5 28. h3 Re5 29. Rd7 f5 30. Rd5 {Black resigns} 1-0

[Event "Team 45 45 League T76"]
[Site "Internet Chess Club"]
[Date "2018.03.22"]
[Round "1"]
[White "alegro"]
[Black "HomerSimpson"]
[Result "1-0"]
[WhiteElo "1912"]
[BlackElo "1897"]
[Opening "Sicilian, Chekhover variation"]
[ECO "B53"]
[Time "12:11:49"]
[TimeControl "2700+45"]

1. e4 c5 2. Nf3 d6 3. d4 cxd4 4. Qxd4 a6 5. c4 Nc6 6. Qe3 Bg4 7. Be2 g6 8. O-O
Bg7 9. Rd1 Qc7 10. h3 Bxf3 11. Bxf3 Ne5 12. Nc3 Nxc4 13. Nd5 Qc6 14. Qb3 Be5 15.
Be2 b5 16. a4 Rc8 17. axb5 axb5 18. f4 Qc5+ 19. Kh2 Bg7 20. Nc3 Bxc3 21. Qxc3
Nf6 22. b3 O-O 23. bxc4 Nxe4 24. Qf3 f5 25. Be3 Qb4 26. cxb5 Rc3 27. Rd4 Qb3 28.
Rxe4 fxe4 29. Qxe4 Rxe3 30. Bc4+ Kg7 31. Qd4+ e5 32. Ra7+ Kh6 33. fxe5 Rxh3+ 34.
gxh3 Qc2+ 35. Kg3 Rf5 36. Qh4+ Rh5 37. Qf4+ Rg5+ 38. Kh4 Qg2 39. Qf8# {Black
checkmated} 1-0

[Event "Team 45 45 League T76"]
[Site "Internet Chess Club"]
[Date "2018.03.24"]
[Round "1"]
[White "The7thGuest"]
[Black "primerpaso"]
[Result "0-1"]
[WhiteElo "1854"]
[BlackElo "1910"]
[Opening "Sicilian: Najdorf, Lipnitzky attack"]
[ECO "B90"]
[Time "12:02:37"]
[TimeControl "2700+45"]

1. e4 c5 2. Nf3 d6 3. d4 cxd4 4. Nxd4 Nf6 5. Nc3 a6 6. Bc4 Qc7 7. Bb3 e6 8. O-O
Nc6 9. f4 Nxd4 10. Qxd4 d5 11. Kh1 Bc5 12. Qd3 dxe4 13. Nxe4 Nxe4 14. Qxe4 O-O
15. Be3 Bxe3 16. Qxe3 Bd7 17. Rad1 Bb5 18. Rfe1 Rad8 19. Kg1 Bc4 20. Rc1 Bxb3
21. axb3 Rd6 22. Re2 g6 23. Rce1 Rfd8 24. Qc3 Rc6 25. Qf6 Rd5 26. g3 Rxc2 27. h4
Rxe2 28. Rxe2 Qc6 29. Kf2 Qb6+ 30. Kg2 Qxb3 31. f5 Rxf5 32. Qd8+ Kg7 33. Qd4+ e5
34. Rxe5 Qf3+ 35. Kh3 Qf1+ 36. Kg4 h5# {White checkmated} 0-1

[Event "Team 45 45 League T76"]
[Site "Internet Chess Club"]
[Date "2018.03.24"]
[Round "1"]
[White "janh"]
[Black "Sloggi"]
[Result "1/2-1/2"]
[WhiteElo "1891"]
[BlackElo "1842"]
[Opening "Queen's pawn: Chigorin variation"]
[ECO "D00"]
[Time "22:08:24"]
[TimeControl "2700+45"]

1. d4 d5 2. Nc3 Nf6 3. Bf4 Bf5 4. f3 e6 5. g4 Bg6 6. h4 h5 7. g5 Nfd7 8. e3 Bb4
9. Bd3 Bxd3 10. Qxd3 g6 11. Ne2 O-O 12. a3 Be7 13. O-O-O c5 14. e4 c4 15. Qe3
Nb6 16. Bg3 Nc6 17. Nf4 Bd6 18. Rhe1 Re8 19. exd5 Bxf4 20. Qxf4 Nxd5 21. Qd2
Nxc3 22. Qxc3 Qd5 23. Qe3 b5 24. Qe4 Rad8 {Game drawn by mutual agreement}
1/2-1/2

[Event "Team 45 45 League T76"]
[Site "Internet Chess Club"]
[Date "2018.03.26"]
[Round "1"]
[White "charles-allen"]
[Black "ANGELLR"]
[Result "1/2-1/2"]
[WhiteElo "1832"]
[BlackElo "1839"]
[Opening "French: Fort Knox variation"]
[ECO "C03"]
[Time "20:00:37"]
[TimeControl "2700+45"]

1. e4 e6 2. d4 d5 3. Nd2 dxe4 4. Nxe4 Bd7 5. Nf3 Bc6 6. Neg5 Bd6 7. Bd3 Nf6 8.
O-O h6 9. Nh3 Nbd7 10. Bf4 Bxf4 11. Nxf4 g5 12. d5 Nxd5 13. Nxd5 Bxd5 14. Nd4
Nb6 15. b3 c5 16. Bb5+ Kf8 17. Ne2 Be4 18. Qe1 Qf6 19. f4 g4 20. Qf2 Rc8 21. f5
exf5 22. Bd3 Bxd3 23. cxd3 Kg7 24. Ng3 Kh7 25. Qxf5+ Qxf5 26. Rxf5 Rhf8 27. Raf1
Rc7 28. Ne4 Nc8 29. Nf6+ Kg6 30. Nxg4 Kg7 31. Rf6 h5 32. Ne5 b6 33. R6f5 f6 34.
g4 hxg4 35. Nxg4 Rcf7 36. Ne3 Ne7 37. R5f3 Kg8 38. R1f2 f5 39. Rf4 Rg7+ 40. Kf1
Rg5 41. Ke2 Kg7 42. Kd2 Kg6 43. h4 Rh5 44. Rg2+ Kf7 45. a3 Ke6 46. b4 Rc8 47.
Re2 Kf7 48. Nc4 Rd8 49. bxc5 bxc5 50. Re5 Rd4 51. Rxd4 cxd4 52. Ra5 Rxh4 53.
Rxa7 Rh2+ 54. Ke1 Kf6 55. Ra6+ Kg5 56. Rd6 f4 57. Rxd4 Nf5 58. Rd8 f3 59. Rg8+
Kf4 60. Rf8 Kg4 61. Rg8+ Kf4 62. Rf8 Kg5 63. Rg8+ Kf6 64. Nd2 Re2+ 65. Kd1 Ne3+
66. Kc1 f2 67. Rf8+ Ke7 68. Rf3 Ke6 69. a4 Kd5 70. a5 Kd4 71. a6 Re1+ 72. Kb2
Nd1+ 73. Kc2 Ne3+ 74. Kb2 Nd1+ 75. Kc2 Ne3+ 76. Kb2 {Game drawn by repetition}
1/2-1/2

[Event "Team 45 45 League T76"]
[Site "Internet Chess Club"]
[Date "2018.03.24"]
[Round "1"]
[White "SlimeDog2"]
[Black "PolishRyszard"]
[Result "1-0"]
[WhiteElo "2015"]
[BlackElo "1764"]
[Opening "Pirc defense"]
[ECO "B07"]
[Time "18:08:22"]
[TimeControl "2700+45"]

1. d4 d6 2. e4 Nf6 3. Bd3 Nbd7 4. Nf3 e5 5. c3 Be7 6. O-O c6 7. a4 a5 8. h3 h6
9. Re1 Qc7 10. Nbd2 Nf8 11. Nf1 g5 12. Ne3 Ng6 13. Nf5 Kf8 14. h4 g4 15. Nh2 h5
16. Bh6+ Kg8 17. Bg5 Be6 18. f3 Bxf5 19. exf5 Nf4 20. fxg4 hxg4 21. Nxg4 Nxg4
22. Qxg4 Bxg5 23. Qxg5+ Kf8 24. Qf6 Rh7 25. Bf1 Re8 26. g3 Nd5 27. Qg5 Qe7 28.
Qxe7+ Rxe7 29. dxe5 dxe5 30. Bd3 f6 31. Kg2 Rd7 32. Rad1 Nb6 33. Bc2 Nc4 34. b3
Nb6 35. Be4 Nc8 36. Kf3 Nb6 37. Rxd7 Rxd7 38. Ke3 Rg7 39. Rg1 Nd5+ 40. Bxd5 cxd5
41. g4 Rc7 42. c4 d4+ 43. Ke4 Rd7 44. g5 Kf7 45. gxf6 Kxf6 46. Rg6+ Kf7 47. Kxe5
d3 48. Rg1 d2 49. Rd1 Rd3 50. Ke4 Rxb3 51. Rxd2 Rb4 52. Ke5 Rxc4 53. Rd7+ Kf8
54. Rd4 Rc1 55. Kf6 Rc6+ 56. Kg5 Ke7 57. h5 Rc1 58. h6 Rg1+ 59. Rg4 Rh1 60. Rh4
Rg1+ 61. Kf4 Rg8 62. Ke5 Rf8 63. h7 Rh8 64. f6+ Kf7 65. Kf5 b6 66. Rc4 Rxh7 67.
Rc7+ Kg8 68. Rxh7 Kxh7 69. Ke6 b5 70. f7 bxa4 71. f8=Q {Black resigns} 1-0

[Event "Team 45 45 League T76"]
[Site "Internet Chess Club"]
[Date "2018.03.24"]
[Round "1"]
[White "cadmiumorange"]
[Black "ChiefPushesWood"]
[Result "0-1"]
[WhiteElo "1829"]
[BlackElo "1736"]
[Opening "Benko's opening"]
[ECO "A00"]
[Time "14:00:39"]
[TimeControl "2700+45"]

1. g3 d5 2. Bg2 e5 3. d3 Nf6 4. Nf3 Nc6 5. O-O Be7 6. a3 O-O 7. b4 Re8 8. b5 Nd4
9. Nxd4 exd4 10. Bb2 Bd7 11. a4 Bc5 12. Nd2 Bg4 13. f3 Bh5 14. Nb3 Qd6 15. Nxc5
Qxc5 16. Qd2 Re3 17. g4 Bg6 18. h4 h5 19. g5 Nd7 20. f4 c6 21. Bf3 Rae8 22. Ba3
Qb6 23. Rab1 c5 24. f5 Bxf5 25. Bxd5 Qd6 26. Bxf7+ Kxf7 27. Rxf5+ Kg6 28. Rf3
Rxe2 29. Qf4 Qxf4 30. Rxf4 Rxc2 31. Rbf1 Ra2 32. Bc1 Rc2 33. R4f2 Rxf2 34. Rxf2
Re1+ 35. Rf1 Rxf1+ 36. Kxf1 Kf5 37. Bd2 Kg4 38. Be1 Ne5 39. Ke2 Nf3 {White
resigns} 0-1

[Event "Team 45 45 League T76"]
[Site "Internet Chess Club"]
[Date "2018.03.24"]
[Round "1"]
[White "swagnik"]
[Black "markcouch0451"]
[Result "0-1"]
[WhiteElo "1641"]
[BlackElo "1693"]
[Opening "Pirc defense"]
[ECO "B07"]
[Time "10:06:57"]
[TimeControl "2700+45"]

1. e4 d6 2. d4 Nf6 3. Nc3 Nbd7 4. Bc4 e5 5. Nf3 Be7 6. O-O h6 7. h3 c6 8. Bb3
Qc7 9. Qd3 Nf8 10. Re1 g5 11. g4 Ng6 12. Kf1 Nf4 13. Bxf4 gxf4 14. Ke2 Bd7 15.
Kd2 O-O-O 16. Bxf7 c5 17. Nd5 Nxd5 18. exd5 cxd4 19. Nxd4 Bg5 20. Ne6 Bxe6 21.
Bxe6+ Kb8 22. c3 Qb6 23. Qe2 f3+ 24. Qe3 Qxb2+ 25. Kd3 Bxe3 26. fxe3 Rc8 27.
Bxc8 Rxc8 28. Rac1 Qxa2 29. c4 Rf8 30. Rf1 f2 31. Rc2 Qa5 32. Rfxf2 Rxf2 33.
Rxf2 Qa3+ 34. Ke4 a5 35. Rf8+ Ka7 36. Rf6 Qc1 37. Kd3 a4 38. Rf2 a3 39. Ra2 Kb6
40. h4 Kc5 41. Rc2 Qf1+ 42. Kc3 Qb1 43. g5 hxg5 44. hxg5 a2 45. Rxa2 Qxa2 46. g6
Qg2 47. g7 Qxg7 48. Kd3 Qg6+ 49. Kc3 Qe4 50. Kb3 Qxc4+ 51. Kb2 Qxd5 52. Kc2 Kc4
53. e4 Qd3+ 54. Kb2 Qc3+ 55. Kb1 Qd2 56. Ka1 Kb3 57. Kb1 Qb2# {White checkmated}
0-1